 Dungeon Crawl Stone Soup version 0.21-a0-28-g9a7844a (console) character file.

67981 Henceforth the Nimble (level 15, -5/103 HPs)
             Began as an Octopode Fire Elementalist on May 25, 2017.
             Was a High Priest of Ashenzari.
             Killed from afar by Frances (50 damage)
             ... with an iron shot
             ... on level 12 of the Dungeon.
             The game lasted 01:49:11 (40597 turns).

Henceforth the Nimble (Octopode Fire Elementalist) Turns: 40597, Time: 01:49:12

Health: -5/103     AC:  1    Str:  9    XL:     15   Next: 25%
Magic:  26/28      EV: 20    Int: 25    God:    Ashenzari [*****.]
Gold:   180        SH: 14    Dex: 14    Spells: 9/32 levels left

rFire    + . .     SeeInvis +   W - +0 dagger (elec)
rCold    . . .     Gourm    +   E - +4 shield "Ecov" {Int+4} (curse)
rNeg     . . .     Faith    .   (helmet restricted)
rPois    .         Spirit   .   t - amulet of the gourmand
rElec    .         Reflect  .   G - ring of stealth
rCorr    +         Harm     .   I - ring of protection from cold
MR       +....     Clarity  +   H - ring of wizardry
Stlth    ++++++....             z - ring of resist corrosion
Regen    0.3/turn               v - ring of fire
MPRegen  0.3/turn               F - +4 ring of slaying
                                (no ring)
                                (no ring)

@: no status effects
A: almost no armour, stealthy swim, amphibious, 8 rings, constrict 8, camouflage
1, gelatinous body 1
a: Curse Item, Scrying, Transfer Knowledge, Renounce Religion


You were on level 12 of the Dungeon.
You worshipped Ashenzari.
Ashenzari was extremely pleased with you.
You were completely stuffed.

You visited 3 branches of the dungeon, and saw 20 of its levels.
You also visited: Labyrinth.

You collected 1916 gold pieces.
You spent 1736 gold pieces at shops.

Inventory:

Hand Weapons
 B - a +0 eveningstar
 V - a +7 double sword of freezing
 W - a +0 dagger of electrocution (weapon)
Missiles
 p - 12 curare-tipped needles
Armour
 E - the cursed +4 shield "Ecov" (worn) {Int+4}
   (You bought it in a shop on level 2 of the Orcish Mines)

   It affects your intelligence (+4).
   It has a curse placed upon it.
Jewellery
 t - an amulet of the gourmand (around mantle)
 v - a ring of fire (on tentacle)
 z - a ring of resist corrosion (on tentacle)
 F - a +4 ring of slaying (on tentacle)
 G - a ring of stealth (left tentacle)
 H - a ring of wizardry (on tentacle)
 I - a ring of protection from cold (right tentacle)
Wands
 i - a wand of acid (5/15)
 o - a wand of digging (17/24)
 r - a wand of clouds (2/9)
 y - a wand of disintegration (4/24)
 D - a wand of flame (31/48)
 U - a wand of digging (20/24)
 X - a wand of acid (4/15)
Scrolls
 a - a scroll of silence
 c - 4 scrolls of fog
 e - a scroll of amnesia
 g - a scroll of blinking
 j - 4 scrolls of magic mapping
 k - 5 scrolls of teleportation
 l - 5 scrolls of identify
 m - 3 scrolls of recharging
 C - a scroll of brand weapon
 K - a scroll of remove curse
 L - 3 scrolls of enchant armour
 O - a scroll of enchant weapon
Potions
 d - 3 potions of mutation
 f - a potion of heal wounds
 n - 2 potions of ambrosia
 s - 5 potions of flight
 u - 2 potions of might
 x - 2 potions of lignification
 A - 3 potions of agility
 M - a potion of berserk rage
 N - a potion of curing
Books
 w - a book of Necromancy

   Spells                             Type                      Level
   a - Pain                           Necromancy                   1
   b - Animate Skeleton               Necromancy                   1
   c - Vampiric Draining              Necromancy                   3
   d - Regeneration                   Charms/Necromancy            3
   e - Animate Dead                   Necromancy                   4
   f - Control Undead                 Necromancy                   4
 J - a book of Maledictions

   Spells                             Type                      Level
   a - Corona                         Hexes                        1
   b - Ensorcelled Hibernation        Hexes/Ice                    2
   c - Confuse                        Hexes                        3
   d - Tukima's Dance                 Hexes                        3
   e - Dazzling Spray                 Conjuration/Hexes            3
 Q - a book of Summonings

   Spells                             Type                      Level
   a - Recall                         Summoning/Translocation      3
   b - Aura of Abjuration             Summoning                    5
   c - Summon Demon                   Summoning                    5
   d - Summon Forest                  Summoning/Translocation      5
   e - Summon Mana Viper              Hexes/Summoning              5
   f - Shadow Creatures               Summoning                    6
 R - a book of Conjurations

   Spells                             Type                      Level
   a - Magic Dart                     Conjuration                  1
   b - Searing Ray                    Conjuration                  2
   c - Dazzling Spray                 Conjuration/Hexes            3
   d - Fulminant Prism                Conjuration/Hexes            4
   e - Force Lance                    Conjuration/Translocation    4
   f - Iskenderun's Mystic Blast      Conjuration                  4
 S - the Collected Works on the Lucky Mountains
   (You found it in a labyrinth)

   Spells                             Type                      Level
   a - Passwall                       Transmutation/Earth          2
   b - Regeneration                   Charms/Necromancy            3
   c - Iskenderun's Battlesphere      Conjuration/Charms           5
   d - Iron Shot                      Conjuration/Earth            6
 Z - a book of Power

   Spells                             Type                      Level
   a - Iskenderun's Battlesphere      Conjuration/Charms           5
   b - Venom Bolt                     Conjuration/Poison           5
   c - Bolt of Magma                  Conjuration/Fire/Earth       5
   d - Iron Shot                      Conjuration/Earth            6
   e - Orb of Destruction             Conjuration                  7
   f - Spellforged Servitor           Conjuration/Summoning        7
Comestibles
 b - 8 bread rations
 h - 14 royal jellies
 q - 2 meat rations
 P - 4 chunks of flesh


   Skills:
 + Level 9.9 Fighting
 - Level 12.0 Dodging
 - Level 9.0 Stealth
 * Level 5.7(8.4) Shields
 - Level 9.0 Spellcasting
 + Level 10.6 Conjurations
 - Level 12.0 Summonings
 - Level 9.0 Fire Magic


You had 9 spell levels left.
You knew the following spells:

 Your Spells              Type           Power        Failure   Level  Hunger
a - Flame Tongue          Conj/Fire      #####        1%          1    None
b - Conjure Flame         Conj/Fire      ######..     1%          3    None
c - Sticky Flame          Conj/Fire      ######..     1%          4    ##.....
d - Fireball              Conj/Fire      ######....   2%          5    ####...
e - Summon Lightning Spi  Summ/Air       #####...     4%          4    ##.....
f - Shadow Creatures      Summ           N/A          5%          6    ######.


Dungeon Overview and Level Annotations

Branches:
Dungeon (12/15)            Temple (0/1) D:6            Lair (6/6) D:8
  Swamp (0/4) Lair:2       Spider (0/4) Lair:4        Slime (0/5) Lair:6
    Orc (2/2) D:10            Elf (0/3) Orc:2

Altars:
Ashenzari
Cheibriados
Fedhas
Kikubaaqudgha
Makhleb
Nemelex Xobeh
Okawaru
Ru
Sif Muna
Trog
Vehumet
Xom
Zin
Beogh

Shops:
D:5 ?%!%=   D:9 (   Orc:2 }(([

Annotations:
D:12 Frances


Innate Abilities, Weirdness & Mutations

You cannot wear most types of armour.
You are very stealthy in the water. (Stealth+)
You are amphibious.
You can wear up to eight rings at the same time.
You can use your tentacles to constrict eight enemies at once.
Your skin changes colour to match your surroundings (Stealth+).
Your rubbery body absorbs attacks. (AC +1, EV +1)


Message History

Frances, Duchess of Pandemonium comes into view.
She is wielding a mace.
Frances screams a word of power!
Frances seems to speed up.
Frances chants phrases taken from a devil's mouth.
Frances takes a defensive stance.
Frances whispers indecipherable words.
Frances mutters in a terrible tongue.
You block the iron shot.
Found a stone staircase leading up.
Frances screams a word of power!
You block the iron shot.
Frances whispers indecipherable words.
The iron shot hits you!
Frances mutters in a terrible tongue.
The iron shot hits you!
There is an open door here.
There is a stone staircase leading up here.
Frances chants phrases taken from a devil's mouth.
The iron shot hits you!
You die...

, ,*+#####...####'###....#......
, , , #...#......#....#...... ,
,* , #...#......#....#...... , *
,, ,#...#......#....####### * *
,,#...#......#........... #*
####...#......'........... ,
,,,,......#......#........... **
** *#....#......#...........
#....#.@....#...........
#....#@.....#).....)....
#....'......#...........
####....########........###
#.......................#
#..###'###..............#
#######..# .... ..........)...#
.3{{(3{..#.....# ..#'#####....###
.....>...#.....#...'.....#.......


You could see Frances.

Vanquished Creatures
  2 orc warlords
  An ettin (Orc:2)
  Snorg (Lair:3)
  A minotaur (Lab)
  An ogre mage (Orc:1)
  5 hydras
  A death yak (Lair:3)
  Erica (Orc:1)
  A death knight (D:12)
  5 two-headed ogres
  2 orc high priests
  Urug (Lair:3)
  Sonja (D:10)
  A skeletal warrior (D:12)
  The ghost of kinenseiburu the Slinger, a novice HaHu of Fedhas (D:7)
  An unseen horror (D:11)
  3 orc knights
  An ugly thing (D:10)
  3 orc sorcerers
  5 elephants
  A guardian serpent (D:12)
  6 black mambas
  Psyche (D:10)
  A centaur skeleton (D:9)
  15 spiny frogs
  7 rime drakes
  6 komodo dragons
  5 trolls
  3 hornets
  2 wind drakes (Lair:6)
  Prince Ribbit (D:8)
  Grinder (D:3)
  20 blink frogs
  A dream sheep (Lair:3)
  11 hippogriffs
  7 wyverns
  21 yaks
  A wraith (D:11)
  5 basilisks
  Grum (D:10)
  A steam dragon (D:12)
  2 insubstantial wisps (Lair:2)
  7 wargs
  An acid dragon (D:12)
  13 water moccasins
  4 sky beasts
  10 porcupines
  3 slaves (D:5)
  2 ice beasts
  43 orc warriors
  The ghost of lordive the Chopper, an amateur HOMo (D:3)
  8 ogres
  3 necrophages
  9 wolves
  7 centaurs
  2 phantoms
  12 crocodiles
  Blork the orc (D:5)
  13 bullfrogs
  A wyvern skeleton (D:9)
  4 scorpions
  13 killer bees
  13 wights
  4 howler monkeys
  2 crimson imps
  2 centaur zombies
  2 quasits
  5 hounds
  16 orc priests
  4 jellies
  31 orc wizards
  3 iguanas
  3 killer bee zombies
  7 worker ants
  A hound skeleton (D:11)
  A worker ant zombie (D:9)
  6 gnolls
  17 adders
  A shadow imp (D:11)
  2 oozes
  3 worms
  2 adder skeletons
  2 dart slugs
  A leopard gecko (D:1)
  97 orcs
  6 giant cockroaches
  9 hobgoblins
  14 jackals
  11 kobolds
  2 ball pythons
  12 bats
  5 frilled lizards
  7 goblins
  A leopard gecko skeleton (D:4)
  A quokka skeleton (D:6)
  A quokka zombie (D:5)
  9 rats
  A fungus (Lair:6)
618 creatures vanquished.

Vanquished Creatures (collateral kills)
  2 hydras
  A merfolk avatar (Lair:6)
  A catoblepas (Lair:4)
  A tengu warrior (D:12)
  A skeletal warrior (D:12)
  Pikel (D:5)
  A harpy (Lair:6)
  An orc sorcerer (Orc:2)
  A manticore (Lair:6)
  A centaur zombie (D:11)
  An elephant (Lair:6)
  5 spiny frogs
  A centaur skeleton (D:11)
  4 rime drakes
  5 komodo dragons (Lair:6)
  A queen bee (D:11)
  2 polar bears
  A hornet (Lair:6)
  A blink frog (Lair:5)
  3 hippogriffs
  4 wyverns
  5 yaks
  5 basilisks
  6 wargs
  3 insubstantial wisps
  3 water moccasins (Lair:6)
  A porcupine (Lair:1)
  An ice beast (D:9)
  A hell hound (Lair:4)
  8 orc warriors
  2 ogres (Orc:2)
  4 wolves
  2 crocodiles
  11 killer bees (D:11)
  A crimson imp (D:11)
  9 orc wizards
  2 orc priests (Orc:2)
  19 orcs
  A fungus (Lair:6)
123 creatures vanquished.

Vanquished Creatures (others)
  A centaur (D:12)
  A dart slug (D:5)
  An orc (Orc:1)
  5 bushes
  22 fungi
  40 plants
70 creatures vanquished.

Grand Total: 811 creatures vanquished

Notes
Turn   | Place    | Note
-------+----------+-------------------------------------------
     0 | D:1      | Henceforth the Octopode Fire Elementalist began the quest for the Orb.
     0 | D:1      | Reached XP level 1. HP: 11/11 MP: 3/3
   253 | D:1      | Found a shattered altar of Ashenzari.
   266 | D:1      | Became a worshipper of Ashenzari the Shackled
   295 | D:1      | Reached XP level 2. HP: 13/17 MP: 3/5
   810 | D:1      | Reached XP level 3. HP: 19/21 MP: 6/6
  1085 | D:1      | Learned a level 3 spell: Conjure Flame
  1224 | D:2      | Found a shattered altar of Ashenzari.
  1229 | D:2      | Found a shimmering altar of Xom.
  1231 | D:2      | Found an iron altar of Okawaru.
  1231 | D:2      | Found a burning altar of Makhleb.
  1231 | D:2      | Found a radiant altar of Vehumet.
  1234 | D:2      | Found a deep blue altar of Sif Muna.
  1240 | D:2      | Found an ancient bone altar of Kikubaaqudgha.
  1667 | D:2      | Found a blossoming altar of Fedhas.
  1820 | D:2      | Found a glowing silver altar of Zin.
  1855 | D:2      | Reached * piety under Ashenzari
  1891 | D:2      | Reached XP level 4. HP: 24/27 MP: 5/7
  2899 | D:3      | Noticed lordive's ghost (amateur HOMo)
  3138 | D:3      | Reached XP level 5. HP: 31/31 MP: 5/8
  3169 | D:3      | Learned a level 4 spell: Sticky Flame
  3392 | D:3      | Noticed Grinder
  3506 | D:4      | Found a sparkling altar of Nemelex Xobeh.
  4329 | D:4      | Noticed an ogre
  5023 | D:4      | Reached XP level 6. HP: 29/36 MP: 6/9
  5597 | D:5      | Entered Level 5 of the Dungeon
  5607 | D:5      | Found Iskeemam's Magic Scroll Shop.
  5610 | D:5      | Bought a scroll of identify for 28 gold pieces
  5610 | D:5      | Bought a scroll of fog for 28 gold pieces
  5610 | D:5      | Bought a scroll of identify for 28 gold pieces
  5610 | D:5      | Bought a scroll of identify for 28 gold pieces
  5610 | D:5      | Bought a scroll of identify for 28 gold pieces
  5632 | D:5      | Found Conn's Food Emporium.
  5652 | D:5      | Reached ** piety under Ashenzari
  5924 | D:5      | Found an iron altar of Okawaru.
  5937 | D:5      | Noticed a slave
  5940 | D:5      | Noticed a slave
  5971 | D:5      | Killed a slave
  6053 | D:5      | Noticed Pikel
  6182 | D:6      | Noticed a sky beast
  6202 | D:6      | Killed a sky beast
  6202 | D:6      | Reached skill level 5 in Conjurations
  6202 | D:6      | Reached XP level 7. HP: 30/41 MP: 0/10
  6363 | D:6      | Reached skill level 5 in Fire Magic
  6429 | D:6      | Found a snail-covered altar of Cheibriados.
  6843 | D:6      | Reached XP level 8. HP: 46/46 MP: 3/11
  6921 | D:6      | Reached skill level 5 in Dodging
  7360 | D:6      | Found a staircase to the Ecumenical Temple.
  7375 | D:6      | Reached skill level 1 in Fighting
  7767 | D:5      | Found Poan's Jewellery Emporium.
  7793 | D:5      | Noticed Blork the orc
  7800 | D:5      | Found Zitay's Food Emporium.
  7836 | D:7      | Noticed kinenseiburu's ghost (novice HaHu)
  7851 | D:7      | Killed kinenseiburu's ghost
  7851 | D:7      | Reached XP level 9. HP: 48/57 MP: 9/13
  8115 | D:7      | Learned a level 5 spell: Fireball
  8513 | D:7      | Reached *** piety under Ashenzari
  8839 | D:3      | Found a bloodstained altar of Trog.
  9064 | D:3      | Killed lordive's ghost
  9203 | D:3      | Paralysed by Grinder for 4 turns
  9230 | D:3      | Killed Grinder
  9335 | D:5      | Found Guaceq's Distillery.
  9343 | D:5      | Bought a potion of might for 44 gold pieces
  9343 | D:5      | Bought a potion of degeneration for 11 gold pieces
  9343 | D:5      | Bought a potion of heal wounds for 55 gold pieces
  9343 | D:5      | Bought 2 potions of agility for 88 gold pieces
  9717 | D:8      | Noticed a hornet
  9747 | D:8      | Found a staircase to the Lair.
  9972 | D:8      | Noticed Prince Ribbit
 10065 | D:8      | Reached skill level 5 in Fighting
 10314 | D:8      | Noticed a two-headed ogre
 10340 | D:8      | Killed a two-headed ogre
 10340 | D:8      | Reached XP level 10. HP: 59/66 MP: 2/16
 10618 | D:8      | Found a sacrificial altar of Ru.
 10779 | D:8      | Reached skill level 5 in Spellcasting
 11177 | D:8      | Killed Prince Ribbit
 11780 | D:9      | Found Wosmej's Weapon Shop.
 12028 | D:9      | Noticed a two-headed ogre
 12086 | D:9      | Killed a two-headed ogre
 12223 | D:9      | Noticed a two-headed ogre
 12614 | D:9      | Killed a two-headed ogre
 12614 | D:9      | Reached skill level 5 in Stealth
 12614 | D:9      | Reached XP level 11. HP: 72/72 MP: 5/20
 12793 | D:9      | Upgraded the game from 0.21-a0-19-g210df22 to 0.21-a0-28-g9a7844a
 12845 | D:10     | Entered Level 10 of the Dungeon
 12845 | D:10     | Noticed a green ugly thing
 12850 | D:10     | Killed a green ugly thing
 13278 | D:10     | Noticed Sonja
 13557 | D:10     | Killed Sonja
 14007 | D:10     | Found a bloodstained altar of Trog.
 14165 | D:10     | Noticed Psyche
 14387 | D:10     | Killed Psyche
 14568 | D:10     | Found a staircase to the Orcish Mines.
 14692 | D:10     | Learned a level 4 spell: Summon Lightning Spire
 14770 | D:10     | Reached skill level 1 in Summonings
 15179 | Lair:1   | Entered Level 1 of the Lair of Beasts
 15564 | Lair:1   | Noticed a seven-headed hydra
 15578 | Lair:1   | Killed a seven-headed hydra
 16500 | Lair:1   | Reached XP level 12. HP: 81/81 MP: 11/21
 16946 | Lair:2   | Found a staircase to the Swamp.
 17070 | Lair:2   | Reached skill level 5 in Summonings
 17445 | Lair:2   | Reached **** piety under Ashenzari
 17794 | Lair:2   | Noticed a six-headed hydra
 18163 | D:8      | Learned a level 4 spell: Summon Ice Beast
 18190 | Lair:1   | HP: 4/82 [insubstantial wisp (12)]
 18228 | D:8      | HP: 4/82 [insubstantial wisp/static electricity (5)]
 19059 | Lair:2   | Killed a six-headed hydra
 19732 | Lair:3   | Found a labyrinth entrance.
 19783 | Lab      | Entered a labyrinth
 20060 | Lab      | Noticed a minotaur
 20156 | Lab      | HP: 3/82 [minotaur/eveningstar (17)]
 21422 | Lab      | Killed a minotaur
 21535 | Lab      | Identified the Collected Works on the Lucky Mountains
 21824 | Lair:3   | Reached skill level 1 in Shields
 21977 | Lair:3   | Noticed Urug
 22208 | Lair:3   | Noticed Snorg
 22226 | Lair:3   | Killed Snorg
 22697 | Lair:3   | Noticed a seven-headed hydra
 22711 | Lair:3   | Killed a seven-headed hydra
 22711 | Lair:3   | Reached skill level 10 in Dodging
 23042 | Lair:3   | Reached XP level 13. HP: 82/88 MP: 15/22
 23677 | Lair:3   | Killed Urug
 24869 | Lair:4   | Found a hole to the Spider Nest.
 26235 | Lair:4   | Reached skill level 10 in Summonings
 28228 | Lair:6   | Entered Level 6 of the Lair of Beasts
 28413 | Lair:6   | Reached XP level 14. HP: 94/94 MP: 4/24
 28679 | Lair:6   | Learned a level 6 spell: Shadow Creatures
 29756 | Lair:6   | Reached ***** piety under Ashenzari
 29792 | Lair:6   | Found a staircase to the Slime Pits.
 31807 | D:5      | Killed Blork the orc
 31811 | D:5      | Killed Pikel
 32324 | D:10     | Noticed Grum
 32332 | D:10     | Killed Grum
 32350 | Orc:1    | Entered Level 1 of the Orcish Mines
 32491 | Orc:1    | Noticed Erica
 32500 | Orc:1    | Killed Erica
 33196 | Orc:1    | Noticed an orc warlord
 33283 | Orc:1    | Killed an orc warlord
 33848 | Orc:2    | Entered Level 2 of the Orcish Mines
 36089 | Orc:2    | Found a roughly hewn altar of Beogh.
 36095 | Orc:2    | Found Civox's Gadget Emporium.
 36193 | Orc:2    | Found a roughly hewn altar of Beogh.
 36351 | Orc:2    | Found a staircase to the Elven Halls.
 36402 | Orc:2    | Found a roughly hewn altar of Beogh.
 36404 | Orc:2    | Found Ifaulelu's Weapon Emporium.
 37045 | Orc:2    | Found a roughly hewn altar of Beogh.
 37267 | Orc:2    | Found a roughly hewn altar of Beogh.
 38052 | Orc:2    | Reached skill level 10 in Conjurations
 38189 | Orc:2    | Noticed an orc warlord
 38217 | Orc:2    | Killed an orc warlord
 38351 | Orc:2    | Found Tekkil's Antique Armour Emporium.
 38351 | Orc:2    | Found a roughly hewn altar of Beogh.
 38357 | Orc:2    | Found Ziluexte's Antique Weapon Shoppe.
 38388 | Orc:2    | Bought a bloodstained shield for 228 gold pieces
 38388 | Orc:2    | Identified the +4 shield "Ecov" {Int+4} (You bought it in a shop on level 2 of the Orcish Mines)
 38670 | D:5      | Bought a +4 ring of slaying for 1170 gold pieces
 38797 | D:11     | Reached XP level 15. HP: 102/102 MP: 28/28
 39836 | D:12     | Reached skill level 5 in Shields
 40574 | D:12     | Noticed Frances
 40597 | D:12     | Killed from afar by Frances

Vault maps used:
D:1:      matt_arrival_diagonals, serial_park_tiny_pond, minmay_misc_feat_tower,
          evilmike_ruin_ashenzari
D:2:      minitemple, zin_academy, fedhas_altar_1, grunt_decor_mini_mirrors,
          minmay_misc_feat_plants, minmay_misc_feat_roman
D:3:      lightli_temple_of_fire, uniq_grinder
D:4:      nemelex_xobeh_ov_fountains_minmay
D:5:      serial_shops, nicolae_shop_competitors_out_of_business,
          kennysheep_mini_moat, nicolae_shop_behind_doors, shop, shop,
          first_bread, okawaru_ov_weapons_minmay, uniq_pikel, uniq_blork_the_orc
D:6:      lemuel_doored_altar, minmay_temple_entry_glass
D:8:      dpeg_oklobed_lair, basic_altar, uniq_prince_ribbit1
D:9:      serial_shops, shop
D:10:     david_orc_4, basic_altar, uniq_psyche, uniq_sonja, uniq_grum
D:11:     david_nohive_1, minmay_misc_feat_ornament
D:12:     nrook_guardian_serpent_ordinary, uniq_frances
Lair:1:   wad_woods_road_01, serial_bayou_shore_b, grunt_megastairs_4
Lair:2:   minmay_swamp_entry_wisps, eino_small_chamber_without_monster
Lair:3:   lab_entry_generic, minmay_hedge_maze, hangedman_lair_generics_rect,
          uniq_urug, uniq_snorg
Lair:4:   dummy_spider_entry, special_room, lemuel_fruit_fields
Lair:6:   gammafunk_lair_ancient_temple, slime_dummy
Orc:1:    nooodl_orcs_dogs, uniq_erica
Orc:2:    grunt_orc_community_town_hall, grunt_orc_community_big_house_2,
          grunt_orc_community_big_house_1, grunt_orc_community_house_3,
          grunt_orc_community_house_1, grunt_orc_community_house_3,
          grunt_orc_community_house_2, basic_altar
Lab:      nicolae_lab_dead_adventurers

Skill      XL: |  1  2  3  4  5  6  7  8  9 10 11 12 13 14 15 |
---------------+----------------------------------------------+-----
Conjurations   | 2 3 4 5 6 8 9 10 | 10.6
Fire Magic     | 4 5 6 8 9 |  9.0
Dodging        | 3 4 5 6 8 10 12 | 12.0
Fighting       | 3 5 6 7 8 9 |  9.9
Spellcasting   | 3 4 6 7 9 |  9.0
Stealth        | 5 9 |  9.0
Summonings     | 4 8 10 12 | 12.0
Shields        | 3 5 |  5.7

Action                   |  1- 3 |  4- 6 |  7- 9 | 10-12 | 13-15 || total
-------------------------+-------+-------+-------+-------+-------++-------
Melee: Unarmed           |    16 |       |       |       |       ||    16
       Constrict         |    18 |    27 |    23 |    47 |   104 ||   219
       Tentacles         |     8 |    13 |    19 |    43 |    78 ||   161
       Short sword       |    24 |       |       |       |       ||    24
       Dagger            |    14 |   100 |   140 |   279 |   537 ||  1070
       Double sword      |       |       |       |       |    11 ||    11
 Cast: Flame Tongue      |    38 |    50 |    65 |   107 |    60 ||   320
       Conjure Flame     |       |     3 |     5 |    50 |    13 ||    71
       Sticky Flame      |       |     2 |    15 |    74 |   141 ||   232
       Fireball          |       |       |       |    25 |    80 ||   105
       Summon Lightning  |       |       |       |    47 |    76 ||   123
       Summon Ice Beast  |       |       |       |    29 |    17 ||    46
       Shadow Creatures  |       |       |       |       |    46 ||    46
Invok: Curse Item        |       |       |       |       |     1 ||     1
Evoke: Wand              |       |       |       |     1 |     1 ||     2
  Use: Scroll            |       |     6 |     2 |     3 |    21 ||    32
       Potion            |       |       |     1 |     6 |     2 ||     9
 Stab: Sleeping          |     3 |    10 |     3 |     4 |    13 ||    33
       Distracted        |     1 |       |       |     4 |     4 ||     9
       Petrified         |       |       |       |       |     1 ||     1
       Invisible         |       |       |       |       |     2 ||     2
  Eat: Chunk             |     3 |    14 |     8 |    53 |   109 ||   187
       Meat ration       |       |       |     2 |     1 |       ||     3
       Fruit             |       |       |       |     4 |     2 ||     6
       Bread ration      |       |       |       |     3 |       ||     3
       Royal jelly       |       |       |       |     1 |       ||     1
Armor: Skin              |     8 |     6 |    24 |     9 |    10 ||    57
Dodge: Dodged            |    43 |    69 |   105 |   260 |   595 ||  1072
Block: Buckler           |       |       |       |    12 |   173 ||   185
       Shield            |       |       |       |       |    79 ||    79
       Rpst.: Double sword |       |       |       |       |     3 ||     3
